 Dungeon Crawl Stone Soup version 0.23-a0-150-g7664ed78f7 (webtiles) character file.

210 Holzbalken the Poker (level 5, 0/40 HPs)
             Began as a Merfolk Gladiator on Sept 7, 2018.
             Was an Initiate of Ashenzari.
             Slain by an ogre
             ... wielding a +0 giant spiked club
              (5 damage)
             ... on level 3 of the Dungeon.
             The game lasted 00:13:39 (2450 turns).

Holzbalken the Poker (Merfolk Gladiator)            Turns: 2450, Time: 00:13:40

Health: 0/40       AC: 11    Str: 21      XL:     5   Next: 87%
Magic:  5/5        EV: 14    Int:  6 (7)  God:    Ashenzari [......]
Gold:   149        SH:  0    Dex: 17      Spells: 4/4 levels left

rFire    . . .     SeeInvis .   a - +0 trident
rCold    . . .     Gourm    .   (no shield)
rNeg     . . .     Faith    .   x - +3 leather armour
rPois    +         Spirit   .   e - +2 helmet
rElec    .         Reflect  .   (no cloak)
rCorr    .         Harm     .   w - +1 pair of gloves
MR       .....                  (no boots)
Stlth    ++........             (no amulet)
HPRegen  0.13/turn              k - ring of poison resistance
MPRegen  0.09/turn              m - +2 ring of strength

@: mighty
A: change form in water, swift swim, stealthy swim
a: Curse Item, Renounce Religion


You were on level 3 of the Dungeon.
You worshipped Ashenzari.
Ashenzari was noncommittal.
You were not hungry.

You visited 1 branch of the dungeon, and saw 3 of its levels.
You also visited: Sewer.

You collected 149 gold pieces.

Inventory:

Hand Weapons
 a - a +0 trident (weapon)
Missiles
 d - a throwing net (quivered)
Armour
 b - a +0 leather armour
 c - a +0 helmet
 e - a +2 helmet (worn)
 w - a +1 pair of gloves (worn)
 x - a +3 leather armour (worn)
Jewellery
 k - a ring of poison resistance (left hand)
 m - a +2 ring of strength (right hand)
Wands
 j - a wand of flame (8)
 y - a wand of random effects (57)
Scrolls
 h - a scroll of identify {unknown}
 l - a scroll of blinking {unknown}
 n - a scroll of fear {unknown}
 o - 3 scrolls of teleportation {unknown}
 q - a scroll of enchant armour {unknown}
 r - a scroll of amnesia {unknown}
 t - a scroll of enchant weapon {unknown}
 u - a scroll of remove curse
Potions
 i - a potion of might
 p - a potion of lignification
 s - a potion of invisibility {unknown}
 v - a potion of haste
Comestibles
 f - 7 rations
 g - 3 chunks of flesh


   Skills:
 + Level 2.9 Fighting
 * Level 7.8 Polearms
 - Level 2.0 Throwing
 + Level 1.0 Armour
 + Level 4.6 Dodging
 + Level 1.0 Stealth


You had 4 spell levels left.
You didn't know any spells.
Your spell library was empty.

Dungeon Overview and Level Annotations

Branches:
Dungeon (3/15)

Altars:
Ashenzari
Ru
Yredelemnul
The Shining One


Message History

Aim: an ogre, wielding a giant spiked club (heavily wounded)
You barely miss the ogre.
The ogre is heavily wounded.
The ogre hits you with a giant spiked club!!
Ouch! That really hurt!
Attack whom?
Press: ? - help, Dir - move target cursor, f/p - ogre
Aim: an ogre, wielding a giant spiked club (heavily wounded)
You hit the ogre.
The ogre is heavily wounded.
Attack whom?
Press: ? - help, Dir - move target cursor, f/p - ogre
Aim: an ogre, wielding a giant spiked club (heavily wounded)
You barely miss the ogre.
The ogre is heavily wounded.
The ogre hits you with a giant spiked club!
* * * LOW HITPOINT WARNING * * *
You feel very mighty all of a sudden.
The ogre hits you with a giant spiked club.
You die...

# ## #####.##.......
#....<..# ###.##..#
#.......#######
#.............
#.#.###.#..####
############...........#
.......#......##.#..##.#
......#.#.######@#..#
.......##.# #O#..# #
.......##.# #.#..##.###.
..........# #...........
......##### ####.##.###
.....## #.# O# .).###
#.# .# ...# #(# .# ...#
#.# .#


You could see an ogre.

Vanquished Creatures
  Purgy (Sewer)
  Ijyb (D:3)
  A gnoll (D:1)
  An adder (D:2)
  A dart slug (D:2)
  6 leopard geckos
  4 orcs (D:3)
  6 bats
  7 giant cockroaches
  4 goblins
  9 hobgoblins
  2 frilled lizards
  9 kobolds
  7 rats
59 creatures vanquished.

Notes
Turn   | Place    | Note
-------+----------+-------------------------------------------
     0 | D:1      | Holzbalken the Merfolk Gladiator began the quest for the
                  | Orb.
     0 | D:1      | Reached XP level 1. HP: 16/16 MP: 1/1
    94 | D:1      | Reached skill level 5 in Polearms
    94 | D:1      | Reached XP level 2. HP: 12/22 MP: 2/2
   385 | D:1      | Found a shattered altar of Ashenzari.
   399 | D:1      | Became a worshipper of Ashenzari the Shackled
   593 | D:1      | Reached XP level 3. HP: 27/28 MP: 3/3
  1278 | D:2      | Reached skill level 6 in Polearms
  1306 | D:2      | Found a sacrificial altar of Ru.
  1367 | D:2      | Reached XP level 4. HP: 34/34 MP: 4/4
  1386 | D:2      | Found a basalt altar of Yredelemnul.
  1505 | D:3      | Found a glowing drain.
  1546 | Sewer    | Entered a sewer
  1561 | Sewer    | Noticed Purgy
  1586 | Sewer    | HP: 2/51 [Purgy (1)]
  1591 | Sewer    | Killed Purgy
  1591 | Sewer    | Reached skill level 7 in Polearms
  1591 | Sewer    | Reached skill level 1 in Armour
  1591 | Sewer    | Reached XP level 5. HP: 12/39 MP: 5/5
  2235 | D:3      | Found a glowing golden altar of the Shining One.
  2280 | D:3      | Noticed Ijyb
  2290 | D:3      | Killed Ijyb
  2290 | D:3      | Reached skill level 1 in Stealth
  2307 | D:3      | Noticed an ogre
  2450 | D:3      | Slain by an ogre

Vault maps used:
D:1:      ebering_hopf_link, evilmike_ruin_ashenzari
D:2:      old_standard_altar, interstate_on_off, nicolae_ru_awakened_eye
D:3:      lemuel_coloured_pillars_altar, lemuel_round_altar,
          portal_sewer_entry_f, uniq_ijyb
Sewer:    kennysheep_door_sewer

Skill      XL: |  1  2  3  4  5 |
---------------+----------------+-----
Polearms       | 5 6 7 |  7.8
Armour         | 1 |  1.0
Stealth        | 1 |  1.0
Fighting       | |  2.9
Throwing       | |  2.0
Dodging        | |  4.6

Action                   |  1- 3 |  4- 6 || total
-------------------------+-------+-------++-------
Melee: Trident           |   101 |   106 ||   207
Throw: Throwing net      |       |     4 ||     4
  Use: Potion            |       |     7 ||     7
 Stab: Sleeping          |     1 |     1 ||     2
       Held in net/web   |       |     1 ||     1
  Eat: Chunk             |     1 |     4 ||     5
Armor: Leather armour    |    13 |    31 ||    44
       Skin              |       |     9 ||     9
Dodge: Dodged            |    43 |    63 ||   106

Table legend:
 A = Non-vault XP
 B = Vault XP
 C = Vault XP percentage of total XP
 D = Non-vault monster count
 E = Vault monster count
 F = Vault count percentage of total count
                 A         B        C        D         E       F
            +---------+---------+-------+---------+---------+-------
      Total |     108 |     192 |  64.0 |      46 |      13 |  22.0
            +---------+---------+-------+---------+---------+-------
        D:1 |      55 |       0 |   0.0 |      26 |       0 |   0.0
        D:2 |      28 |       0 |   0.0 |       8 |       0 |   0.0
        D:3 |      25 |      54 |  68.4 |      12 |       7 |  36.8
      Sewer |       0 |     138 | 100.0 |       0 |       6 | 100.0
            +---------+---------+-------+---------+---------+-------
